 Dungeon Crawl Stone Soup version 0.32-a0-814-g0968bab981 (webtiles) character file.

Game seed: 13956401510133295455

77 hikkokomori the Apothecary (level 4, -5/30 HPs)
             Began as a Coglin Alchemist on Mar 23, 2024.
             Killed by divine providence
             ... invoked by an orc priest
              (10 damage)
             ... on level 3 of the Dungeon.
             The game lasted 00:04:51 (1631 turns).

hikkokomori the Apothecary (Coglin Alchemist)       Turns: 1631, Time: 00:04:51

Health: -5/30      AC:  3    Str:  8    XL:     4   Next: 34%
Magic:  7/7        EV: 11    Int: 15    God:
Gold:   85         SH:  0    Dex: 16    Spells: 3/7 levels left

rFire   . . .        h - +3 short sword {Myungok}
rCold   . . .        j - +0 short sword {Xiuying}
rNeg    . . .        a - +0 robe
rPois   .            (no helmet)
rElec   .            (no cloak)
rCorr   .            i - +0 pair of gloves
SInv    .            (no boots)
Will    .....        (amulet unavailable)
Stlth   ++           (ring unavailable)
HPRegen 0.25/turn    (ring unavailable)
MPRegen 0.10/turn    (no gizmo)

%: no passive effects
@: revved
A: off-hand wielding, slow wielding, warmup strikes, no jewellery
a: Invent Gizmo, Convert to Beogh


You were on level 3 of the Dungeon.
You visited 1 branch of the dungeon, and saw 3 of its levels.

You collected 124 gold pieces.
You spent 39 gold pieces at shops.

Inventory:

Hand Weapons
 h - a +3 short sword (weapon) {Myungok}
 j - a +0 short sword (offhand) {Xiuying}
 k - a +0 sling
Missiles
 e - 6 curare-tipped darts
Armour
 a - a +0 robe (worn)
 f - an orb of energy
 i - a +0 pair of gloves (worn)
Scrolls
 g - 2 scrolls of identify {unknown}
 m - a scroll of torment {unknown}
 n - 2 scrolls of enchant armour {unknown}
 o - a scroll of silence {unknown}
 p - a scroll of teleportation {unknown}
Potions
 b - a potion of magic
 c - a potion of brilliance {unknown}
 d - 2 potions of curing
 l - a potion of heal wounds {unknown}


   Skills:
 + Level 0.7 Short Blades
 + Level 1.2 Throwing
 - Level 2.0 Dodging
 - Level 2.0 Stealth
 - Level 2.0 Spellcasting
 + Level 1.7 Conjurations
 + Level 3.9 Alchemy


You had 3 spell levels left.
You knew the following spells:

 Your Spells              Type           Power      Damage    Failure   Level
a - Sting                 Conj/Alch      40%        1d5       7%          1
b - Mephitic Cloud        Conj/Alch/Air  7%         N/A       30%         3

Your spell library contained the following spells:

 Spells                   Type           Power      Damage    Failure   Level
 Foxfire                  Conj/Fire      16%        2x1d4     16%         1
 Mercury Vapours          Alch/Air       14%        N/A       16%         2
 Olgreb's Toxic Radiance  Alch           13%        N/A       41%         4
 Sticky Flame             Fire/Alch      7%         2d4       69%         4
 Plasma Beam              Fire/Air       0%         2x1d10    100%        6
 Starburst                Conj/Fire      2%         6d3       100%        6


Dungeon Overview and Level Annotations

Branches:
Dungeon (3/15)

Altars:
Dithmenos

Shops:
D:1 ?   D:2 !


Innate Abilities, Weirdness & Mutations

You can wield a second weapon in your off-hand.
It takes a long time for you to wield or remove held weapons.
Your first few attacks do less damage.
You cannot equip rings or amulets.


Message History

The orc closely misses you.
Unknown command.
You hit the orc with your +0 short sword.
You kill the orc!
The orc priest calls down the wrath of Beogh upon you.
Beogh smites you!
* * * LOW HITPOINT WARNING * * *
The goblin shoots a sling bullet.
The sling bullet misses you.
Unknown command.
The orc priest shouts, "Beogh offers mercy even to people such as you.
Join us and be reborn!"
The orc priest barely misses you.
The goblin shoots a sling bullet.
The sling bullet closely misses you.
Things that are here:
a +0 dagger; a +0 mace; a +0 ring mail Unknown command.
You hit the orc priest with your +3 short sword.
The orc priest is moderately wounded.
You closely miss the orc priest with your +0 short sword.
The orc priest shouts, "Beogh offers mercy even to people such as you.
Join us and be reborn!"
The orc priest barely misses you.
The goblin shoots a sling bullet.
The sling bullet hits you.
* * * LOW HITPOINT WARNING * * *
You feel better.
The orc priest hits you with a +0 short sword.
* * * LOW HITPOINT WARNING * * *
The goblin shoots a sling bullet.
The sling bullet barely misses you.
You hit the orc priest but do no damage.
The orc priest is moderately wounded.
The orc priest shouts, "Surrender to Beogh and we'll let you live!"
You hit the orc priest with your +0 short sword.
The orc priest hits you with a +0 short sword.
* * * LOW HITPOINT WARNING * * *
The goblin shoots a sling bullet.
The sling bullet hits you.
* * * LOW HITPOINT WARNING * * *
You closely miss the orc priest with your +3 short sword.
The orc priest is heavily wounded.
You closely miss the orc priest with your +0 short sword.
The orc priest invokes the aid of Beogh against you.
Beogh smites you!
You die...

+..§.≈...≈.§g....
#..§§≈._.≈§≈.#### .
#..≈§≈...≈§≈.#### ..
#..≈.≈≈≈≈≈.≈..... ...
##.§......§≈.#### .$..
#§≈≈.≈§≈≈§§..... .....
#§...)g.....####
#....S####..##...#<.#<..
#Soo@......#.##..##..
#.########.#.##......
##### #.#.##.####.
#.############...####.#.#
.##...
........#.....".......#.#
##.#.
#.........####...######.#
#..#. ..#####....###...#
.. #.##. #.#...######
#+####...† #.#.#...#
.......)##


You could see an orc priest, an orc, a goblin and 2 ball pythons.

Vanquished Creatures
  2 adders (D:2)
  2 dart slugs (D:1)
  2 orcs (D:3)
  10 ball pythons
  7 bats
  An endoplasm (D:1)
  A giant cockroach (D:1)
  3 goblins
  3 hobgoblins
  4 kobolds
  5 quokkas
  7 frilled lizards
  8 rats
55 creatures vanquished.

Notes
Turn   | Place    | Note
-------+----------+-------------------------------------------
     0 | D:1      | hikkokomori the Coglin Alchemist began the quest for the
                  | Orb.
     0 | D:1      | Reached XP level 1. HP: 13/13 MP: 3/3
   126 | D:1      | Reached skill level 1 in Conjurations
   202 | D:1      | Found Laixke Cub's Magic Scroll Boutique.
   231 | D:1      | Reached XP level 2. HP: 14/19 MP: 4/4
   479 | D:1      | Reached XP level 3. HP: 24/24 MP: 6/6
   699 | D:1      | Learned a level 3 spell: Mephitic Cloud
   812 | D:2      | Found a faded altar of an unknown god.
   943 | D:2      | Reached skill level 1 in Throwing
   955 | D:2      | Reached XP level 4. HP: 22/30 MP: 7/7
  1182 | D:2      | Found Meisoilot's Distillery.
  1185 | D:2      | Bought a potion of curing for 39 gold pieces
  1572 | D:3      | Found a shadowy altar of Dithmenos.
  1631 | D:3      | Killed from afar by an orc priest

Illustrated notes

Levels and vault maps discovered:
D:1:      giann_forest_graveyard, layout_basic, serial_shops, shop,
          serial_forest, infiniplex_forest_clump_tiny,
          infiniplex_forest_clump_tiny, infiniplex_forest_lined_ring,
          infiniplex_forest_fountain, infiniplex_forest_straight_4,
          infiniplex_forest_clump_double, infiniplex_forest_lined_room_3,
          infiniplex_forest_clump_long
D:2:      layout_rooms, hellmonk_ecumenical_altar_zigzags, serial_shops,
          nicolae_shop_trees, serial_rivers, chequers_serial_rivers_micro_c,
          chequers_serial_rivers_room_a, chequers_serial_rivers_micro_b,
          chequers_serial_rivers_large_a, chequers_serial_rivers_room_a
D:3:      layout_basic, mainiacjoe_overflow_concentric_impassable

Skill      XL: |  1  2  3 |
---------------+----------+-----
Conjurations   | 1 |  1.7
Dodging        | 2 |  2.0
Spellcasting   | 2 |  2.0
Stealth        | 2 |  2.0
Throwing       | 1 |  1.2
Short Blades   | |  0.7
Alchemy        | |  3.9

Action                     |  1- 3 |  4- 6 || total
---------------------------+-------+-------++-------
  Melee: Short sword       |    98 |    52 ||   150
         Unarmed           |     4 |       ||     4
   Cast: Sting             |     5 |       ||     5
    Use: Potion            |       |     1 ||     1
   Stab: Sleeping          |     7 |     4 ||    11
         Distracted        |     1 |       ||     1
 Armour: Robe              |    43 |    17 ||    60
  Dodge: Dodged            |    35 |    22 ||    57

Table legend: (Time is in decaauts)
 A = Elapsed time spent in this place.
 B = Non-inter-level travel time spent in this place.
 C = Inter-level travel time spent in this place.
 D = Time resting spent in this place.
 E = Time spent auto-exploring this place.
 F = Levels seen in this place.
 G = Mean time per level.
                   A        B        C        D        E       F      G
               +--------+--------+--------+--------+--------+-----+--------+
         Total |   1642 |   1609 |     33 |      0 |   1157 |   3 |  547.3 |
       Dungeon |   1642 |   1609 |     33 |      0 |   1157 |   3 |  547.3 |
               +--------+--------+--------+--------+--------+-----+--------+

Top non-repeatable levels by time:
     D:2: 735 daAuts
     D:1: 717 daAuts
     D:3: 190 daAuts
